[Event "Championnat du monde jeunes U10"]
[Date "2024.11.23"]
[White "Munoz Padilla, Andres"]
[Black "Montaigu Dupont, Arthur"]
[WhiteElo "1604"]
[BlackElo "1767"]
[Round "8.2"]
[Result "1/2-1/2"]
[TimeControl "5400+30"]

1. e4 c5 2. Nf3 e6 3. d4 cxd4 4. Nxd4 Nc6 5. Nc3 Qc7 6. Ncb5 Qb8 7. Bd3 a6 8. Nxc6 bxc6 9. Nc3 d5 10. O-O Nf6 11. Qe2 Be7 12. b3 O-O 13. Bb2 Bd6 14. Na4 Bxh2+ 15. Kh1 Be5 16. c3 Nxe4 17. Bxe4 dxe4 18. Qxe4 f5 19. Qxc6 Kh8 20. Rfe1 Ra7 21. Ba3 Rd8 22. Rad1 Rad7 23. Rxd7 Bxd7 24. Qxa6 Bxa4 25.
Qxa4 Bxc3 26. Rc1 h6 27. Qc4 Qe5 28. f4 Qa5 29. Be7 Re8 30. Qxc3 Qxc3 31. Rxc3 Rxe7 32. b4 g5 33. g3 Kg7 34. b5 Kf7 35. b6 Re8 36. Rc7+ Kf6 37. a4 e5 38. fxe5+ Kxe5 39. a5 Kd6 40. a6 Re1+ 41. Kg2 Rb1 42. a7 Rxb6 43. a8=Q Kxc7 44. Qa7+ Kc6 45. Qa4+ Rb5 46. Qc4+ Rc5 47. Qe6+ Kb5 48. Qxh6 f4 49. gxf4 gxf4 50. Qxf4 Kc6 51. Kf3 Kb5 52. Ke3 Rc3+ 53. Kd2 Rc4 54. Qb8+ Kc5 55. Qa7+ Kd5 56. Qa5+ Rc5 57. Qd8+ Kc4 58. Qd3+ Kb4 59. Qd4+ Rc4 60. Qb6+ Ka4 61. Kd3 Rb4 62. Qc5 Rb3+ 63. Kc4 Rc3+ 1/2-1/2

[Variant "Standard"]
[Site "Europe Echecs"]

[Event "Championnat du monde jeunes U10"]
[Date "2024.11.23"]
[White "Santoro, Marco Antonio"]
[Black "Iliev, Stoyan"]
[WhiteElo "1765"]
[BlackElo "1671"]
[Round "8.3"]
[Result "0-1"]
[TimeControl "5400+30"]

1. e4 c5 2. Nf3 Nc6 3. d4 cxd4 4. Nxd4 e5 5. Nxc6 bxc6 6. Bc4 Nf6 7. Nc3 h6 8. O-O Bb7 9. Re1 Bc5 10. Be3 Be7 11. f3 O-O 12. Qd2 d5 13. exd5 cxd5 14. Bb3 d4 15. Bxd4 exd4 16. Nd1 Bc5 17. Kh1 Qd6 18. Nf2 Bb6 19. Nh3 Bc7 20. f4 Qc5 21. Rac1 Qf5 22. Re7 Rac8 23. Kg1 d3 24. cxd3 Bb6+ 25. Kf1 Rxc1+ 26. Qxc1 Bxg2+ 27. Kxg2 Qg4+ 28. Kf1 Qf3+ 29. Ke1 Ba5+ 0-1

[Variant "Standard"]
[Site "Europe Echecs"]

[Event "Championnat du monde jeunes U10"]
[Date "2024.11.23"]
[White "Mikkelsen, Anders Askjaer"]
[Black "Radovic, Koca"]
[WhiteElo "1745"]
[BlackElo "1626"]
[Round "8.4"]
[Result "1-0"]
[TimeControl "5400+30"]

1. e4 e5 2. Nf3 Nc6 3. Bc4 Bc5 4. c3 Nf6 5. d4 exd4 6. e5 Ng4 7. Bxf7+ Kxf7 8. Ng5+ Ke8 9. Qxg4 Nxe5 10. Qe4 Qe7 11. O-O Nf7 12. Qg4 d6 13. Qg3 Nxg5 14. Bxg5 Qe5 15. Bf4 Qe2 16. Bd2 Kd8 17. Re1 Qg4 18. Bg5+ 1-0

[Variant "Standard"]
[Site "Europe Echecs"]

[Event "Championnat du monde jeunes U10"]
[Date "2024.11.23"]
[White "Mitrovic, Vasilije"]
[Black "Sander, Tino"]
[WhiteElo "1590"]
[BlackElo "1736"]
[Round "8.5"]
[Result "1-0"]
[TimeControl "5400+30"]

1. e4 e5 2. Nf3 Nc6 3. Bc4 Bc5 4. c3 Nf6 5. d4 exd4 6. cxd4 Bb4+ 7. Bd2 Nxe4 8. Bxb4 Nxb4 9. Bxf7+ Kxf7 10. Qb3+ d5 11. Ne5+ Ke6 12. Qxb4 Qf8 13. Qxf8 Rxf8 14. O-O c5 15. Nf3 b6 16. dxc5 bxc5 17. Nbd2 Nxd2 18. Nxd2 Bb7 19. Rfe1+ Kd6 20. Rac1 Rae8 21. f3 Rxe1+ 22. Rxe1 Bc6 23. Kf2 Rf4 24. a3 Rd4 25. Nf1 Bb5 26. g3 Bxf1 27. Kxf1 Rd2 28. Re2 Rxe2 29. Kxe2 a5 30. b3 Kc6 31. a4 c4 32. bxc4 dxc4 33. Kd2 Kc5 34. Kc3 Kd5 35. f4 h6 36. g4 Kc5 37. g5 h5 38. f5 h4 39. f6 gxf6 40. g6 Kd5 41. g7 f5 42. g8=Q+ Ke4 43. Qxc4+ Kf3 44. Qxh4 f4 45. Qe1 Kg2 46. Qe2+ Kg1 47. Qg4+ Kxh2 48. Qxf4+ Kh3 49. Qg5 Kh2 50. Kd2 Kh1 51. Ke2 1-0

[Variant "Standard"]
[Site "Europe Echecs"]

[Event "Championnat du monde jeunes U10"]
[Date "2024.11.23"]
[White "Orsi, Andrea"]
[Black "Czech, Emil"]
[WhiteElo "1728"]
[BlackElo "1608"]
[Round "8.6"]
[Result "0-1"]
[TimeControl "5400+30"]

1. e4 c5 2. Nf3 e6 3. d4 cxd4 4. Nxd4 Nf6 5. Nc3 Nc6 6. Be2 Bb4 7. f3 d5 8. Bb5 Qb6 9. Bxc6+ bxc6 10. e5 Nd7 11. f4 Nc5 12. Bd2 Ne4 13. Nxe4 Qxd4 14. Ng3 Qxf4 15. c3 Qxe5+ 16. Ne2 Bc5 17. b4 Bb6 18. Qc1 Ba6 19. Qd1 O-O 20. a4 Qe4 0-1

[Variant "Standard"]
[Site "Europe Echecs"]

[Event "Championnat du monde jeunes U10"]
[Date "2024.11.23"]
[White "Ostapenko, Volodymyr"]
[Black "Hung, I-Hsuan"]
[WhiteElo "1720"]
[BlackElo "1608"]
[Round "8.7"]
[Result "1/2-1/2"]
[TimeControl "5400+30"]

1. e4 e5 2. Nf3 Nc6 3. d4 exd4 4. Bc4 Nf6 5. O-O h6 6. e5 d5 7. Bb5 Ne4 8. Nxd4 Bd7 9. Nxc6 Bxc6 10. Bxc6+ bxc6 11. Nd2 Nc5 12. Nf3 Be7 13. Re1 O-O 14. c3 Ne6 15. Nd4 Nxd4 16. cxd4 c5 17. Be3 cxd4 18. Bxd4 c5 19. Be3 d4 20. Bf4 Qd5 21. Qg4 Kh8 22. Rad1 Rab8 1/2-1/2

[Variant "Standard"]
[Site "Europe Echecs"]

[Event "Championnat du monde jeunes U10"]
[Date "2024.11.23"]
[White "Sahin, Yusuf Kerem"]
[Black "Roth, Elai"]
[WhiteElo "1720"]
[BlackElo "1577"]
[Round "8.8"]
[Result "1-0"]
[TimeControl "5400+30"]

1. d4 d5 2. c4 c6 3. Nf3 Nf6 4. e3 Bf5 5. Nc3 e6 6. Be2 Bd6 7. O-O O-O 8. b3
Nbd7 9. Bb2 Bb8 10. h3 Ne4 11. Re1 Ndf6 12. Bd3 Qc7 13. Ne5 Nxc3 14. Bxc3 Bxd3
15. Qxd3 Ne4 16. Bb2 f6 17. Nf3 Ng5 18. Qe2 dxc4 19. bxc4 Nxf3+ 20. Qxf3 e5 21.
d5 Re8 22. e4 a6 23. Rac1 Ba7 24. a4 Bc5 25. Ba3 Bxa3 26. Qxa3 c5 27. Rb1 Rad8
28. a5 Re7 29. Rb6 Rd6 30. Reb1 Rxb6 31. Rxb6 Rd7 32. Qb2 h6 33. Kf1 Kh7 34. Ke2
Kg8 35. f3 Kh7 36. Kf2 Kg8 37. Qb1 Kh8 38. h4 Kg8 39. g4 Kf7 40. d6 Qc8 41. Qd1
g5 42. Qd5+ Kg7 43. hxg5 hxg5 44. Qe6 Kg6 45. Rb1 Qd8 46. Rh1 Rg7 47. Rh5 Qd7
48. Qf5+ Qxf5 49. exf5+ Kf7 50. Rh8 1-0

[Variant "Standard"]
[Site "Europe Echecs"]

[Event "Championnat du monde jeunes U10"]
[Date "2024.11.23"]
[White "Kaloh, Edvard"]
[Black "Yevsieiev, Yaroslav"]
[WhiteElo "1506"]
[BlackElo "1706"]
[Round "8.9"]
[Result "0-1"]
[TimeControl "5400+30"]

1. e4 e5 2. Nf3 Nc6 3. Bc4 Nf6 4. d3 Bc5 5. c3 d6 6. O-O h6 7. d4 exd4 8. cxd4 Bb6 9. Bb5 O-O 10. Nc3 Bg4 11. Bxc6 bxc6 12. d5 cxd5 13. exd5 Re8 14. Na4 Qd7 15. Nxb6 axb6 16. h3 Bh5 17. Qd3 Ra5 18. b4 Rxd5 19. Qc3 Qf5 20. Nd4 Qe5 21. Be3 Ne4 22. Qxc7 Rxd4 23. Bxd4 Qxd4 24. Qc6 Re6 25. Qc8+ Kh7 26. Qc2 Bg6 27. Qd1 Qxb4 28. a3 Qc5 29. Qa4 Rf6 30. Rac1 Nc3 31. Qb3 Ne2+ 32. Kh1 Nxc1 33. Qd1 Nd3 0-1

[Variant "Standard"]
[Site "Europe Echecs"]

[Event "Championnat du monde jeunes U10"]
[Date "2024.11.23"]
[White "Tenuun, Tseesuren"]
[Black "Tamiolakis, Grigorios"]
[WhiteElo "1702"]
[BlackElo "1591"]
[Round "8.10"]
[Result "1-0"]
[TimeControl "5400+30"]

1. d4 d5 2. Bf4 Nf6 3. e3 c5 4. c3 Qb6 5. Qb3 c4 6. Qc2 g6 7. b3 Bf5 8. Qd1 cxb3 9. axb3 Bg7 10. Ra3 O-O 11. Bd3 e6 12. Bxf5 exf5 13. Nf3 Nbd7 14. O-O Rac8 15. Qd3 a6 16. Nbd2 Ne4 17. Rc1 Ndf6 18. c4 Nxd2 19. Nxd2 Ne4 20. c5 Qb4 21. Ra2 Nxd2 22. Qxd2 Qxb3 23. Rb2 Qa4 24. Rxb7 Rc6 25. Qb2 Rxc5 26. Ra1 Qc2 27. Bd6 Qxb2 28. Rxb2 Rcc8 29. Bxf8 Bxf8 30.
g3 Kg7 31. Rxa6 Rd8 32. Rb7 Kg8 33.
Raa7 Rc8 34. Rxf7 Rc1+ 35. Kg2 Rc2 36.
Rxh7 Rb2 37. Rhd7 Rb5 38. Ra8 Rb6 39.
Rdd8 Rf6 40. Rxd5 Kg7 41. Rd7+ Kg8 42. d5 1-0

[Variant "Standard"]
[Site "Europe Echecs"]

[Event "Championnat du monde jeunes U10"]
[Date "2024.11.23"]
[White "Radiukevich, Viacheslau"]
[Black "Aghoyan, Gevorg"]
[WhiteElo "1484"]
[BlackElo "1682"]
[Round "8.11"]
[Result "1-0"]
[TimeControl "5400+30"]

1. e4 c6 2. d4 d5 3. exd5 cxd5 4. Bd3 Nc6 5. c3 Nf6 6. Bf4 Bg4 7. Qb3 Qd7 8. Nd2 e6 9. Ngf3 Bxf3 10. Nxf3 Bd6 11. Bxd6 Qxd6 12. O-O O-O 13. Rae1 Rab8 14. Ne5 a6 15. Re3 b5 16. a3 Rfc8 17. f4 Na5 18. Qc2 Nc4 19. Rh3 h6 20. Rg3 a5 21. Bxc4 bxc4 22. Nxf7 Kxf7 23. Qg6+ Ke7 24. Qxg7+ Kd8 25. Qxf6+ Kc7 26. Rb1 Rf8 27. Qxh6 Rxf4 28. Re3 Re8 29. Rbe1 Kd7 30. h3 Rf7 31. Qg6 Rfe7 32. Qg3 Qb6 33. Qf2 Qd8 34. Qc2 Qb6 35. Kh1 Rg8 36. Qf2 Qd6 37. Rf3 Rgg7 38. Rf6 Rh7 39. Qf4 Qb6 40. Qg4 Qd6 41. Qg6 Rhg7 42. Rexe6 Qxe6 43. Rxe6 Rxg6 44. Rxg6 Re1+ 45. Kh2 Re2 46. Rb6 Kc7 47. Rb5 Kc6 48. a4 Kd6 49. h4 Ke6 50. Kh3 Kd6 51. h5 Re4 52. g4 Ke6 53. Rb6+ Kf7 54. Kh4 Kg7 55. Kg5 Kf7 56. h6 Kg8 57. Rb8+ Kh7 58. Rb7+ Kh8 59. h7 Rxg4+ 60. Kf5 Rg5+ 61. Ke6 Rg6+ 62. Kd7 Rd6+ 63. Kc7 Rc6+ 64. Kb8 Rc8+ 65. Ka7 Ra8+ 66. Kb6 Ra6+ 67. Kb5 Ra8 68. Rb6 Kxh7 69. Kc5 Rd8 70. Rd6 Rc8+ 71. Kxd5 Rb8 72. Kxc4 Rxb2 73. Ra6 1-0

[Variant "Standard"]
[Site "Europe Echecs"]

[Event "Championnat du monde jeunes U10"]
[Date "2024.11.23"]
[White "Della Penna, Leonardo"]
[Black "Shrubok, Herman"]
[WhiteElo "1675"]
[BlackElo "1477"]
[Round "8.12"]
[Result "0-1"]
[TimeControl "5400+30"]

1. e4 c5 2. Nf3 e6 3. d4 cxd4 4. Nxd4 Nf6 5. Nc3 Nc6 6. Ndb5 Bc5 7. Bf4 O-O 8. Bc7 Qe7 9. Bd6 Bxd6 10. Qxd6 Qd8 11. Nc7 Rb8 12. Be2 b5 13. e5 Ne8 14. Nxe8 Rxe8 15. O-O b4 16. Ne4 f6 17. exf6 gxf6 18. Qg3+ Kh8 19. Qh4 f5 20. Ng5 Qe7 21. Bh5 Rg8 22. Nf7+ Kg7 23. Qf4 Qf6 24. Qg3+ Kf8 25. Qd6+ Qe7 26. Qd2 Rb5 27. Nd6 Qg7 28. Bf3 Nd4 29. Qd1 Rc5 30. Rc1 Ba6 31. Re1 Be2 0-1

[Variant "Standard"]
[Site "Europe Echecs"]

[Event "Championnat du monde jeunes U10"]
[Date "2024.11.23"]
[White "Fattori Dittmar, Luca"]
[Black "Vydra, David"]
[WhiteElo "1766"]
[BlackElo "1615"]
[Round "8.13"]
[Result "1-0"]
[TimeControl "5400+30"]

1. e4 c5 2. Nf3 d6 3. d4 cxd4 4. Nxd4 Nf6 5. Nc3 a6 6. h3 e5 7. Nf3 Be7 8. g4 Be6 9. g5 Nfd7 10. Be3 b5 11. Qd2 Nb6 12. O-O-O Nc4 13. Bxc4 bxc4 14. Nd5 Bxd5 15. Qxd5 Nd7 16. Qxc4 O-O 17. h4 Qa5 18. Kb1 Rab8 19. h5 Rfc8 20. Qd3 Rc3 21. Qd2 Qb4 22. b3 Nc5 23. Bxc5 dxc5 24. Nxe5 Bxg5 25. f4 Bxf4 26. Qd8+ Rxd8 27. Rxd8# 1-0

[Variant "Standard"]
[Site "Europe Echecs"]

[Event "Championnat du monde jeunes U10"]
[Date "2024.11.23"]
[White "Bartash, Saveli"]
[Black "Kostyukovich, Ivan"]
[WhiteElo "1661"]
[BlackElo "1489"]
[Round "8.17"]
[Result "1-0"]
[TimeControl "5400+30"]

1. e4 e5 2. Nf3 Nc6 3. Bc4 Bc5 4. O-O Nf6 5. Re1 d6 6. c3 O-O 7. d3 h6 8. Nbd2 Ne7 9. Nf1 Ng6 10. Ng3 Be6 11. Bxe6 fxe6 12. Qc2 Ng4 13. d4 Bb6 14. h3 Nf6 15. dxe5 Nxe5 16. Nxe5 dxe5 17. Be3 Bxe3 18. Rxe3 Qe7 19. Rd1 Rfd8 20. Red3 Rd6 21. Qb3 Rb6 22. Qc2 Rd6 23. Rxd6 cxd6 24. Qb3 g6 25. Qa3 Ne8 26. Nf1 a6 27. Ne3 Rd8 28. Nc4 Qc7 29. Qb3 Kf7 30. Ne3 Nf6 31. Qc2 Qc6 32. Ng4 Nxg4 33. hxg4 d5 34. exd5 exd5 35. Qd3 Rd6 36. Qe3 Qa4 37. Re1 Qxg4 38. Qxe5 Qd7 39. Qh8 g5 40. Re3 Kg6 41. Qg8+ Qg7 42. Qxg7+ Kxg7 43. Re7+ Kf6 44. Rxb7 Ke5 45. Re7+ Re6 46. Rxe6+ Kxe6 47. Kf1 Kd6 48. Ke2 Kc5 49. Kd3 h5 50. b4+ Kc6 51. Kd4 h4 52. f3 Kd6 53. a4 Kc6 54. b5+ axb5 55. axb5+ Kd6 56. b6 Kc6 57. b7 Kxb7 58. Kxd5 Kc7 59. Ke5 Kd7 60. Kf5 Ke7 1-0

[Variant "Standard"]
[Site "Europe Echecs"]

[Event "Championnat du monde jeunes U10"]
[Date "2024.11.23"]
[White "Wu, Chenyu"]
[Black "Button-Rabl, Jiban"]
[WhiteElo "1503"]
[BlackElo "1435"]
[Round "8.18"]
[Result "1-0"]
[TimeControl "5400+30"]

1. d4 d5 2. c4 e6 3. Nc3 c6 4. Nf3 Nf6 5. Bg5 Nbd7 6. e3 Bd6 7. Bd3 dxc4 8. Bxc4 b5 9. Bd3 Bb7 10. O-O a6 11. e4 Be7 12. e5 Nd5 13. Bxe7 Qxe7 14. Ne4 O-O 15. Nd6 Rab8 16. Rc1 f6 17. Nxb7 Rxb7 18. Rxc6 Nb4 19. Rd6 fxe5 20. dxe5 Kh8 21. Be4 Ra7 22. Qd4 Rc7 23. Qxb4 Rc4 24. Qd2 Nxe5 25. Nxe5 Rxe4 26. Nc6 Qf6 27. Rd8 Ra4 28. Rxf8+ Qxf8 29. b3 Rg4 30. Rd1 h6 31. Ne5 Rg5 32. Qxg5 hxg5 33. Ng6+ Kg8 34. Nxf8 Kxf8 35. Rd6 1-0

[Variant "Standard"]
[Site "Europe Echecs"]

[Event "Championnat du monde jeunes U10"]
[Date "2024.11.23"]
[White "Zilincan, Tomas"]
[Black "Loberti, Tommaso"]
[WhiteElo "1778"]
[BlackElo "1474"]
[Round "8.19"]
[Result "1-0"]
[TimeControl "5400+30"]

1. d4 d5 2. Nf3 Nf6 3. e3 Bf5 4. Bd3 Bxd3 5. Qxd3 c6 6. O-O e6 7. Nbd2 Bd6 8. c4 O-O 9. a3 Nbd7 10. b4 Re8 11. c5 Bc7 12. Bb2 Nf8 13. a4 Ng6 14. b5 Qd7 15. Ne5 Bxe5 16. dxe5 Ng4 17. f4 Qe7 18. Bd4 Nh6 19. e4 Rad8 20. exd5 Rxd5 21. Nb3 Red8 22. Qc4 Nf5 23. Bf2 Rd3 24. Na5 Qc7 25. b6 axb6 26. cxb6 Qd7 27. Nb3 Qd5 28. Qxd5 R8xd5 29. Nc5 Rc3 30. Nxb7 Nxf4 31. a5 Rxe5 32. a6 Ne2+ 33. Kh1 Nfg3+ 34. Bxg3 Rh5 35. Rf3 Nxg3+ 36. Rxg3 Rxg3 37. a7 1-0

[Variant "Standard"]
[Site "Europe Echecs"]

[Event "Championnat du monde jeunes U10"]
[Date "2024.11.23"]
[White "Osmolovskii, Nikita"]
[Black "Prokhorov, Makar"]
[WhiteElo "1468"]
[BlackElo "1771"]
[Round "8.20"]
[Result "0-1"]
[TimeControl "5400+30"]

1. e4 c5 2. Nf3 Nc6 3. d4 cxd4 4. Nxd4 g6 5. Nc3 Bg7 6. Be3 Nf6 7. f3 O-O 8. Bc4 d6 9. Qd2 Bd7 10. O-O-O Rc8 11. Bd3 Ne5 12. Kb1 a6 13. h4 b5 14. g4 Nc4 15. Bxc4 bxc4 16. Bh6 Qb6 17. h5 Rb8 18. b3 cxb3 19. cxb3 Rbc8 20. hxg6 fxg6 21. Bxg7 Kxg7 22. Qh6+ Kf7 23. Kb2 Qc5 24. Rd3 g5 25. Na4 Bxa4 26. bxa4 Rb8+ 27. Nb3 Rfc8 28. Qh2 Qc4 29. Qd2 Qxa4 30. Qxg5 Qc4 31. Qd2 a5 32. Rc1 Qb5 33. Rxc8 Rxc8 34. g5 Nd7 35. Rd5 Nc5 36. Qxa5 Nd3+ 37. Rxd3 Qxa5 38. Nxa5 Rc5 39. Rd5 Rc8 40. Nb7 Rb8 41. Rb5 Ra8 42. Kb3 Ke6 43. Na5 Rf8 44. Rf5 Rxf5 45. exf5+ Kxf5 46. Nc6 Kxg5 47. a4 h5 48. a5 h4 49. Nd4 h3 50. Ne2 Kh4 51. a6 h2 52. a7 h1=Q 53. a8=Q Qd1+ 54. Kc3 Qxe2 55. Qh8+ Kg3 56. Qg7+ Kxf3 57. Qf7+ Kg2 58. Qg6+ Kf1 59. Qb1+ Qe1+ 60. Qxe1+ Kxe1 61. Kd4 e6 62. Ke4 Ke2 63. Kd4 Kf3 64. Kd3 e5 65. Kd2 Kf2 66. Kd3 d5 67. Kd2 e4 68. Kd1 e3 69. Kc2 e2 70. Kd3 e1=Q 71. Kd4 Qe3+ 72. Kxd5 Qf4 73. Kc5 Qe4 74. Kd6 Qf5 75. Ke7 Qg6 76. Kd7 Ke3 77. Kd8 Qf7 78. Kc8 Kd4 79. Kd8 Kc5 80. Kc8 Kc6 81. Kd8 Qd7# 0-1

[Variant "Standard"]
[Site "Europe Echecs"]

[Event "Championnat du monde jeunes U10"]
[Date "2024.11.23"]
[White "Vukashinovikj, Jovan"]
[Black "Enkhbileg, Gantumur"]
[WhiteElo "1454"]
[BlackElo "1529"]
[Round "8.25"]
[Result "1-0"]
[TimeControl "5400+30"]

1. e4 d6 2. d4 Nf6 3. Nc3 g6 4. f4 Bg7 5. Nf3 Bg4 6. h3 Bxf3 7. Qxf3 Nc6 8. Bb5 O-O 9. Bxc6 bxc6 10. O-O Nd7 11. Be3 Rb8 12. Rab1 Nb6 13. Qe2 e5 14. dxe5 dxe5 15. f5 Qe7 16. b4 gxf5 17. Bc5 Qh4 18. Bxf8 Rxf8 19. Rxf5 Qe7 20. Qg4 Nc4 21. Qe2 Qe6 22. Rbf1 Bh6 23. Rf6 Be3+ 24. Kh1 Qd7 25. Qxc4 Bd4 26. Qd3 Qe7 27. Ne2 Bb6 28. Ng3 Rd8 29. Qf3 Rf8 30. Nh5 1-0

[Variant "Standard"]
[Site "Europe Echecs"]

[Event "Championnat du monde jeunes U10"]
[Date "2024.11.24"]
[White "Advik Amit Agrawal"]
[Black "Shogdzhiev, Roman"]
[WhiteElo "1982"]
[BlackElo "2202"]
[Round "9.1"]
[Result "0-1"]
[TimeControl "5400+30"]

1. e4 c5 2. Nf3 d6 3. Bb5+ Nd7 4. d4 cxd4 5. Qxd4 a6 6. Bxd7+ Bxd7 7. O-O Rc8 8. Nc3 e5 9. Qd3 Be6 10. Rd1 Qc7 11. a4 h6 12. Nd2 Nf6 13. Nf1 Be7 14. Ne3 O-O 15. a5 Rfd8 16. Ncd5 Nxd5 17. exd5 Bd7 18. c3 Bg5 19. Bd2 Re8 20. Qe4 Rf8 21. Nf5 Bxf5 22. Qxf5 Bxd2 23. Rxd2 Qe7 24.
Ra4 Rc5 25. h4 g6 26. Qg4 h5 27. Qg3 Qd7 28. Ra1 Qg4 29. Qxg4 hxg4 30. Ra4 f5 31. c4 Rf7 32. b3 Kg7 33. Rc2 Rfc7 34. Re2 Kf6 35. Kf1 f4 36. Ra1 Rh7 37. g3 f3 38. Rc2 g5 39. Ke1 gxh4 40. gxh4 Rxh4 41. Kd2 g3 42. Rc3 e4 43. fxg3 Rh2+ 44. Ke3 Ke5 45. Re1 Rxa5 46. Rcc1 Ra3 47. Rb1 Raa2 0-1

[Variant "Standard"]
[Site "Europe Echecs"]

[Event "Championnat du monde jeunes U10"]
[Date "2024.11.24"]
[White "Llari, Marc"]
[Black "Zhu, Linxi"]
[WhiteElo "2201"]
[BlackElo "2100"]
[Round "9.2"]
[Result "1-0"]
[TimeControl "5400+30"]

1. e4 c5 2. Nf3 d6 3. d4 cxd4 4. Nxd4 Nf6 5. Nc3 a6 6. Bc4 e6 7. Be3 b5 8. Bb3 Bb7 9. Qe2 Qc8 10. O-O-O Be7 11. f3 Nc6 12. g4 Na5 13. Kb1 Nc4 14. Bc1 Nd7 15. h4 Qc5 16. g5 Bd8 17. f4 Ba5 18. Rh3 Ndb6 19. h5 Rc8 20. Rhd3 g6 21. f5 e5 22. Nf3 gxf5 23. exf5 Bxc3 24. Rxc3 Nd5 25. Rcd3 Nb4 26. g6 hxg6 27. fxg6 fxg6 28. hxg6 Rc7 29. Ng5 Bd5 30. g7 Rg8 31. Rxd5 Nxd5 32. Qh5+ Kd7 33. Qf7+ Ne7 34. Ne6 Qb6 35. Nxc7 Qxc7 36. Bg5 Qd8 37. Bxe7 Qe8 38. Qxe8+ Kxe8 39. Bf8 1-0

[Variant "Standard"]
[Site "Europe Echecs"]

[Event "Championnat du monde jeunes U10"]
[Date "2024.11.24"]
[White "Nguyen Quang Anh"]
[Black "Xia, Joshua"]
[WhiteElo "1889"]
[BlackElo "2052"]
[Round "9.3"]
[Result "1-0"]
[TimeControl "5400+30"]

1. d4 Nf6 2. c4 g6 3. Nc3 d5 4. cxd5 Nxd5 5. e4 Nxc3 6. bxc3 Bg7 7. Bc4 c5 8. Ne2 Nc6 9. Be3 O-O 10. O-O e6 11. Rc1 b6 12. Qd2 Bb7 13. Rfd1 Na5 14. Bd3 Qc7 15. h4 h5 16. e5 Rfd8 17. Bh6 Qc6 18. f3 Qe8 19. Bxg7 Kxg7 20. Qg5 Qh8 21. Nf4 Qh6 22. Qf6+ Kg8 23. dxc5 Qg7 24. Qg5 bxc5 25. Bxg6 Rxd1+ 26. Rxd1 fxg6 27. Nxe6 Qf7 28. Nd8 Qf5 29. Qe7 Bc6 30. Rd6 Rb8 31. Rf6 1-0

[Variant "Standard"]
[Site "Europe Echecs"]

[Event "Championnat du monde jeunes U10"]
[Date "2024.11.24"]
[White "Anetov, Amirzhan"]
[Black "Anand, Tsogtbileg"]
[WhiteElo "1767"]
[BlackElo "1974"]
[Round "9.4"]
[Result "0-1"]
[TimeControl "5400+30"]

1. d4 Nf6 2. c4 e6 3. Nc3 d5 4. cxd5 exd5 5. Bg5 Be7 6. e3 c6 7. Bd3 Nbd7 8. Qc2 Nf8 9. Nge2 Bg4 10. f3 Bh5 11. Nf4 Bg6 12. Bxg6 Nxg6 13. Nxg6 hxg6 14. O-O-O Qa5 15. h4 O-O-O 16. Rhe1 Ng8 17. e4 Bxg5+ 18. hxg5 dxe4 19. d5 Ne7 20. fxe4 Kb8 21. Qf2 cxd5 22. exd5 Nxd5 23. Qg3+ Qc7 24. Qxc7+ Nxc7 25.
Rxd8+ Rxd8 26. Re7 Rf8 27. Ne4 Re8 28. Rxe8+ Nxe8 29. Kd2 Kc7 30. Kd3 Kc6 31. Kd4 Nd6 32. Nf2 f6 33. gxf6 gxf6 34. Nd3 Nf5+ 35. Ke4 Kd6 36. Nf4 Ne7 37. b4 f5+ 38. Kd4 g5 39. Nh3 g4 40. Nf4 b5 41. a3 Nc6+ 42. Kd3 Ne5+ 43. Kd4 Nf7 44. Nh5 Nd8 45. g3 Ne6+ 46. Ke3 Ke5 47. Kd2 Ke4 48. Ke2 Nd4+ 49. Kf2 Nc2 50. Nf6+ Kd4 51. Ne8 Nxa3 52. Nd6 Ke5 53. Nc8 a6 54. Ne7 Nc2 55. Nc6+ Kd6 56. Na5 Nxb4 57. Ke3 Ke5 58. Nb3 Nc6 59. Nc5 a5 60. Nd3+ Kf6 61. Nc5 a4 62. Kf4 a3 63. Nb3 a2 64. Ke3 Ke5 65. Na1 Nb4 66. Kd2 f4 67. Kc3 fxg3 68. Kxb4 g2 69. Kxb5 g1=Q 70. Nb3 a1=Q 71. Kc4 Qa4+ 72. Kc3 Qe3+ 73. Kb2 Qaxb3+ 74. Ka1 Qc1# 0-1

[Variant "Standard"]
[Site "Europe Echecs"]

[Event "Championnat du monde jeunes U10"]
[Date "2024.11.24"]
[White "Mirzhanov, Arlan"]
[Black "Mulay, Vivan Prakash"]
[WhiteElo "1721"]
[BlackElo "1823"]
[Round "9.5"]
[Result "1-0"]
[TimeControl "5400+30"]

1. e4 c5 2. Nf3 d6 3. d4 cxd4 4. Nxd4 Nf6 5. Nc3 a6 6. f3 e6 7. Be3 b5 8. Qd2 Nbd7 9. g4 Nb6 10. a3 Bb7 11. O-O-O Rc8 12. Nb3 Nc4 13. Bxc4 Rxc4 14. Ne2 Rc8 15. Ng3 d5 16. e5 Nd7 17. Bd4 Nb6 18. Bxb6 Qxb6 19. Rhf1 b4 20. axb4 Qxb4 21. Qxb4 Bxb4 22. Rd4 a5 23. f4 Ba6 24. Rf3 Bc4 25. f5 O-O 26. Nd2 Bb5 27. c3 Bc5 28. Rdf4 g5 29. fxg6 fxg6 30. Rf6 Rxf6 31. Rxf6 Bd7 32. Nf3 Rf8 33. g5 Be7 34. Rxf8+ Kxf8 35. Ne2 Kf7 36. Ned4 a4 37. Kc2 Bc8 38. b3 axb3+ 39. Kxb3 Ba6 40. h4 Bc5 41. Nh2 Bxd4 42. cxd4 Be2 43. Kc2 Ke7 44. Kd2 Bh5 45. Nf1 Kd7 46. Kc3 Kc6 47. Kb4 Be2 48. Nd2 Bd1 49. Ka5 Bc2 50. Nf1 Bd3 51. Ng3 Kc7 52. Nh1 Kc6 53. Nf2 Be2 54. Nh3 Bd3 55. Nf4 Bf5 56. Ne2 Bd3 57. Nc3 Kd7 58. Kb6 Bf5 59. Na4 Ke7 60. Kc7 Bg4 61. Nb6 Bh3 62. Nc8+ Kf7 63. Kd7 Bg4 64. Nd6+ Kf8 65. Nb7 1-0

[Variant "Standard"]
[Site "Europe Echecs"]

[Event "Championnat du monde jeunes U10"]
[Date "2024.11.24"]
[White "Sameh Mohamed, Abdalrahman"]
[Black "Zabelin, Platon"]
[WhiteElo "2238"]
[BlackElo "1870"]
[Round "9.6"]
[Result "1-0"]
[TimeControl "5400+30"]

1. e4 c6 2. d4 d5 3. Nc3 dxe4 4. Nxe4 Bf5 5. Ng3 Bg6 6. h4 h6 7. Nf3 Nd7 8. h5 Bh7 9. Bd3 Bxd3 10. Qxd3 e6 11. Bd2 Ngf6 12. O-O-O Be7 13. Kb1 O-O 14. Ne4 Nxe4 15. Qxe4 Nf6 16. Qe2 Qd5 17. Ne5 Qe4 18. Qxe4 Nxe4 19. Be1 Rfd8 20. f3 Nf6 21. Bf2 Rac8 22. g4 Nd5 23. c4 Nf4 24. Rhe1 Bg5 25. Bg3 c5 26. dxc5 Rxd1+ 27. Rxd1 Rxc5 28. Bxf4 Bxf4 29. Rd8+ Kh7 30. Nd7 Bg5 31. Nf8+ Kg8 32. Ra8 1-0

[Variant "Standard"]
[Site "Europe Echecs"]

[Event "Championnat du monde jeunes U10"]
[Date "2024.11.24"]
[White "Perez Solanas, Hugo"]
[Black "Annapureddy, Rheyansh Reddy"]
[WhiteElo "1824"]
[BlackElo "2122"]
[Round "9.7"]
[Result "0-1"]
[TimeControl "5400+30"]

1. e4 c5 2. Nf3 Nc6 3. d4 cxd4 4. Nxd4 g6 5. Nc3 Bg7 6. Be3 Nf6 7. Nb3 O-O 8. Qd2 d6 9. f3 Be6 10. O-O-O a5 11. a4 Bxb3 12. cxb3 Rc8 13. Kb1 Nd7 14. f4 Nb4 15. Bd4 Bxd4 16. Qxd4 Qb6 17. Bc4 Qxd4 18. Rxd4 Rc5 19. e5 Nb6 20. exd6 Nc6 21. dxe7 Nxd4 22. exf8=Q+ Kxf8 23. Rd1 Nf5 24. Bd3 Ne3 25. Rd2 Nbd5 26. Ne4 Rc7 27. g3 Nb4 28. Bb5 Re7 29. Nc3 h5 30. Rd4 Ng4 31. Re4 Nxh2 32. Rxe7 Kxe7 33. Ne4 Nf3 34.
Kc1 b6 35. Kd1 Ke6 36. Bc4+ Kf5 37.
Bxf7 Kxe4 38. Bxg6+ Ke3 39. Bxh5 Nd2 40. g4 Nxb3 41. g5 Nd4 42. g6 Nf5 43. Bg4 Ng7 44. f5 Nd5 45. Kc2 Kf4 46. f6 Nxf6 47. Bc8 Ne4 48. b4 Ke5 49. bxa5 bxa5 50. Kd3 Nd6 51. Bh3 Kd5 52. Bg2+ Kc5 53. Kc3 Nc4 54. Bf1 Nb6 55. Bb5 Nd5+ 56. Kb3 Nf4 57. Kc3 Nxg6 58. Bd7 Ne5 59. Bb5 Nf5 60. Be8 Ne7 61. Bb5 Nd5+ 62. Kb3 Kd4 63. Be8 Nd3 64. Bb5 Nc5+ 65. Ka3 Kc3 66. Bc6 Nb6 67. Be8 Nc4+ 68. Ka2 Kb4 69. Bc6 Nxa4 70. Be8 Nc3+ 71. Ka1 Ka3 72. Bf7 Nd2 73. Bg8 Ne2 74. Bf7 Nc1 75. Be6 Ncb3+ 76. Bxb3 Nxb3+ 77. Kb1 a4 78. Kc2 Ka2 79. Kc3 a3 80. Kc2 Nd4+ 81. Kc1 Kb3 82. Kb1 a2+ 0-1

[Variant "Standard"]
[Site "Europe Echecs"]

[Event "Championnat du monde jeunes U10"]
[Date "2024.11.24"]
[White "Kolodziejczyk, Boris"]
[Black "Azimov, Yasin"]
[WhiteElo "2115"]
[BlackElo "1759"]
[Round "9.8"]
[Result "1-0"]
[TimeControl "5400+30"]

1. e4 c5 2. Nf3 e6 3. b3 a6 4. Bb2 Nc6 5. c4 Qc7 6. Nc3 Nf6 7. Be2 Nd4 8. h3 Be7 9. O-O O-O 10. d3 d6 11. Nxd4 cxd4 12. Nb1 e5 13. Nd2 Bd7 14. f4 Bc6 15. Qe1 Nd7 16. Qg3 Qb6 17. Kh1 Bf6 18. f5 Nc5 19. Nf3 Rfd8 20. Nh2 Qc7 21. Ng4 Qe7 22. Bc1 Kh8 23. Nxf6 gxf6 24. b4 Na4 25. Bd2 Rg8 26. Qh4 b5 27. Rac1 Rac8 28. cxb5 Bxb5 29. Rxc8 Rxc8 30. Rc1 Nc3 31. Bf1 d5 32. exd5 Qd6 33. Qh6 Bd7 34. g4 Nxd5 35. Rxc8+ Bxc8 36. Bg2 Bb7 37.
Kg1 Bc6 38. Bxd5 Qxd5 39. Qf8# 1-0

[Variant "Standard"]
[Site "Europe Echecs"]